 Dungeon Crawl Stone Soup version 0.19-a0-526-gbe2e51c (webtiles) character file.

14 ololoev the Magician (level 2, 0/15 HPs)
             Began as a Deep Elf Fire Elementalist on June 7, 2016.
             Slain by a rat (3 damage)
             ... on level 2 of the Dungeon.
             The game lasted 00:01:35 (248 turns).

ololoev the Magician (Deep Elf Fire Elementalist)    Turns: 248, Time: 00:01:36

Health: 0/15       AC: -1    Str: 10    XL:     2   Next: 31%
Magic:  0/8        EV: 13    Int: 19    God:
Gold:   73         SH:  0    Dex: 15    Spells: 1 memorised, 7 levels left

rFire  . . .     SeeInvis .     (no weapon)
rCold  . . .     Gourm    .     a - +0 robe
rNeg   . . .     Faith    .     (no shield)
rPois  .         Spirit   .     (no helmet)
rElec  .         Dismiss  .     (no cloak)
rCorr  .         Reflect  .     (no gloves)
SustAt .         Harm     .     (no boots)
MR     .....                    (no amulet)
Stlth  ++........               (no ring)
                                f - -3 ring of protection (curse)

@: mighty, very slightly contaminated, not resistant to hostile enchantments,
unstealthy
A: no striking features
a: no special abilities

Inventory:

Armour
 a - a +0 robe (worn)
Jewellery
 e - a +3 ring of slaying {unknown}
 f - a cursed -3 ring of protection (left hand)
Potions
 g - a potion of agility
Books
 b - a book of Flames

   Spells                             Type                      Level
   a - Flame Tongue                   Conjuration/Fire             1
   b - Throw Flame                    Conjuration/Fire             2
   c - Conjure Flame                  Conjuration/Fire             3
   d - Inner Flame                    Hexes/Fire                   3
   e - Sticky Flame                   Conjuration/Fire             4
   f - Fireball                       Conjuration/Fire             5
Comestibles
 c - a bread ration


   Skills:
 - Level 2.4 Dodging
 - Level 2.4 Stealth
 + Level 3.5 Spellcasting
 * Level 1.7 Conjurations
 + Level 3.5 Fire Magic


You had 7 spell levels left.
You knew the following spells:

 Your Spells              Type           Power        Failure   Level  Hunger
a - Flame Tongue          Conj/Fire      ##...        6%          1    None


You were on level 2 of the Dungeon.
You were not hungry.

You visited 1 branch of the dungeon, and saw 2 of its levels.

You collected 73 gold pieces.

##. .K... ##.. .w.
... ..g .. g......
. #.#...# #
#.#...# # #.#... #
#@#.. ## #r#r# ##†
#.#.############..
#...†............#
###......>........
################

Notes
Turn   | Place    | Note
--------------------------------------------------------------
     0 | D:1      | ololoev the Deep Elf Fire Elementalist began the quest for the Orb.
     0 | D:1      | Reached XP level 1. HP: 10/10 MP: 6/6
   151 | D:2      | Reached XP level 2. HP: 11/15 MP: 2/8
   202 | D:2      | Found a bloodstained altar of Trog.
   248 | D:2      | Slain by a rat

Dungeon Overview and Level Annotations

Branches:
Dungeon (2/15)

Altars:
Trog


Message History

Aim: a giant gecko The flame tongue hits the giant gecko.
The giant gecko is heavily wounded.
Casting: Flame Tongue
Confirm with . or Enter, or press ? or * to list all spells.
Aiming: Flame Tongue
Press: ? - help, Shift-Dir - straight line, f/p - giant gecko
Aim: a giant gecko (heavily wounded, clinging)
The flame tongue misses the giant gecko.
The giant gecko bites you.
Casting: Flame Tongue
Confirm with . or Enter, or press ? or * to list all spells.
Aiming: Flame Tongue
Press: ? - help, Shift-Dir - straight line, f/p - giant gecko
Aim: a giant gecko (heavily wounded, clinging)
The flame tongue hits the giant gecko.
You kill the giant gecko!
Casting: Flame Tongue
Confirm with . or Enter, or press ? or * to list all spells.
Aiming: Flame Tongue
Press: ? - help, Shift-Dir - straight line, f - giant cockroach
Aim: a giant cockroach (clinging)
The flame tongue hits the giant cockroach.
The giant cockroach is moderately wounded.
The giant cockroach misses you.
Casting: Flame Tongue
Confirm with . or Enter, or press ? or * to list all spells.
You don't have enough magic to cast that spell.
The giant cockroach bites you.
You see here a rat corpse.
Found a stone staircase leading down.
The giant cockroach bites you.
As you read the scroll labeled KYR EWNAMIU, it crumbles to dust.
It is a scroll of identify.
Identify which item? (\ to view known items) (? for menu, Esc to quit)
g - a potion of agility The giant cockroach bites you.
Found a gilded ring.
Casting: Flame Tongue
Confirm with . or Enter, or press ? or * to list all spells.
Aiming: Flame Tongue
Press: ? - help, Shift-Dir - straight line, f/p - giant cockroach
Aim: a giant cockroach (moderately wounded, clinging)
You miscast Flame Tongue.
You are very lightly contaminated with residual magic.
You smell something strange.
The giant cockroach bites you. x2
There is a stone staircase leading down here.
Casting: Flame Tongue
Confirm with . or Enter, or press ? or * to list all spells.
Aiming: Flame Tongue
Press: ? - help, Shift-Dir - straight line, f/p - giant cockroach
Aim: a giant cockroach (moderately wounded, clinging)
The flame tongue hits the giant cockroach.
The giant cockroach is severely wounded.
The giant cockroach closely misses you. The giant cockroach closely misses you.
You see here a gilded ring.
e - a gilded ring The giant cockroach bites you.
A rat comes into view.
Casting: Flame Tongue
Confirm with . or Enter, or press ? or * to list all spells.
Aiming: Flame Tongue
Press: ? - help, Shift-Dir - straight line, f/p - giant cockroach
Aim: a giant cockroach (severely wounded, clinging)
The flame tongue hits the giant cockroach.
You kill the giant cockroach!
A dart slug comes into view.
A hobgoblin comes into view.
The hobgoblin shouts!
A kobold comes into view.
Okay, then.
It was a potion of might.
You feel very mighty all of a sudden.
A hobgoblin comes into view. It is wielding a club.
The kobold shouts!
The hobgoblin shouts!
You hit the rat.
The rat is severely wounded.
The rat bites you.
You die...

You could see a dart slug, 2 hobgoblins, a kobold and a rat.

Vanquished Creatures
  A giant gecko (D:2)
  3 bats (D:1)
  A giant cockroach (D:2)
  3 jackals (D:2)
  A kobold (D:1)
  A giant newt (D:1)
  2 rats
12 creatures vanquished.

Action                   || total
-------------------------++-------
Melee: Unarmed           ||     1
 Cast: Flame Tongue      ||    23
  Use: Scroll            ||     1
       Potion            ||     1
Armor: Robe              ||     4
Dodge: Dodged            ||    16

Vault maps used:
D:1:      minmay_arrival_wavy_path, hex_large, hangedman_abyss_or_decor_stabs,
          tso_altar
D:2:      nicolae_overflow_hidden_temple, bloody_trog, lemuel_flame_loot_1
